Map: Purity and Industry LE

Players

antagomiR

  • Race: Zerg Zerg
  • League: Gold
  • Spawn Location: 12:00

VOD

Have the link to the VOD?

Description

Time

  • Played on: April 11, 2020, 1:08 a.m.
  • Length: 8:14
Show
View Real Time Build Order
Export as new Build Order

antagomiR Zerg 

Build Orders:  

Get SALT Encoding   

  13  0:19  Overlord  
  12  0:44  Drone  
  12  0:45  Drone  
  14  0:59  Spawning Pool  
  13  1:23  Drone  
  13  1:24  Drone x2  
  16  1:50  Hatchery  
  15  2:14  Drone  
  15  2:18  Zergling x4  
  17  3:17  Hatchery  
  16  3:29  Extractor  
  15  3:34  Drone x2  
  15  3:39  Overlord  
  17  3:42  Drone  
  18  4:15  Drone x2  
  20  5:26  Drone x3  
  20  5:27  Drone x4  
  20  5:28  Drone  
  28  5:31  Lair  
  28  5:58  Drone x2  
  28  5:59  Drone x4  
  34  6:43  Hydralisk Den  
  34  6:46  Drone x2  
  34  6:47  Drone x4  
  34  6:48  Drone x3  
  42  7:31  Overlord x2  
Tags
 
League
Gold
Matchup
Co-op
Replay Pack
20200422
Add a new tag
Caveats
  • Supply blocks, unpowered buildings, or Contaminate may cause inaccurate times.
  • Supply counts are checked every 10 seconds.